 Dungeon Crawl Stone Soup version 0.19-a0-1682-g5114f93 (webtiles) character file.

372 MistressOfTheDunes the Insei (level 6, -6/47 HPs)
             Began as a Mummy Monk on Sept 24, 2016.
             Mangled by Menkaure (24 damage)
             ... on level 3 of the Dungeon.
             The game lasted 00:06:44 (5570 turns).

MistressOfTheDunes the Insei (Mummy Monk)           Turns: 5570, Time: 00:06:45

Health: -6/47      AC:  1    Str: 15    XL:     6   Next: 43%
Magic:  6/6        EV: 14    Int:  9    God:
Gold:   159        SH:  0    Dex: 16    Spells: 0 memorised, 5 levels left

rFire  x . .     SeeInvis .       - Unarmed
rCold  + . .     Gourm    .     (no armour)
rNeg   + + +     Faith    .     (no shield)
rPois  ∞         Spirit   .     (no helmet)
rElec  .         Dismiss  .     (no cloak)
rCorr  .         Reflect  .     (no gloves)
MR     .....     Harm     .     (no boots)
Stlth  ++........               (no amulet)
                                (no ring)
                                (no ring)

@: no status effects
A: no food or potions, fire vulnerability, cold resistance 1, negative energy
resistance 3, torment resistance, unbreathing
a: no special abilities


You were on level 3 of the Dungeon.
You were not hungry.

You visited 1 branch of the dungeon, and saw 4 of its levels.

You collected 159 gold pieces.


Innate Abilities, Weirdness & Mutations

You do not eat or drink.
Your flesh is vulnerable to fire.
You are immune to poison.
Your flesh is cold resistant. (rC+)
You are immune to negative energy. (rN+++)
You are immune to unholy pain and torment.
You can survive without breathing.


   Skills:
 - Level 3.0 Fighting
 + Level 4.1 Dodging
 - Level 1.5 Stealth
 - Level 5.0 Unarmed Combat


You had 5 spell levels left.
You didn't know any spells.

Inventory:

Jewellery
 f - an uncursed amulet of rage {unknown}
Scrolls
 a - 2 scrolls of teleportation {@r4}
 c - 3 scrolls of identify {unknown}
 d - a scroll of enchant armour {unknown}
 e - 3 scrolls of remove curse
Comestibles
 b - a royal jelly (quivered)

Dungeon Overview and Level Annotations

Branches:
Dungeon (4/15)
 Temple: D:4-7

Altars:
Dithmenos
Elyvilon
Kikubaaqudgha
Nemelex Xobeh
Qazlal
Ru
Sif Muna

Annotations:
D:1 2 exclusions
D:3 Menkaure
D:4 Duvessa

..▒▒.............▒▒▒.▒
........▒..▒▒▒▒▒.▒ ▒.▒
▒▒▒▒.▒▒.▒..▒ ▒.▒ ▒.▒ ▒
▒▒)▒▒.▒..▒ ▒.▒ ▒.▒
▒▒▒..▒▒.▒..▒ ▒.▒ ▒.▒
▒▒...▒▒▒▒..▒▒▒ ▒.▒ ▒.▒
≈≈...≈≈▒..[..▒▒▒.▒▒▒.▒
≈..♣..≈▒▒......[.....▒▒▒▒▒▒▒▒
....†..=........M...........▒
.♣._.♣....▒▒.▒▒▒M▒▒▒▒.▒.▒▒▒.▒
........▒.▒▒.▒ ▒.▒.z.....▒▒.▒
≈..♣..≈▒...▒.▒▒▒.▒.▒▒▒▒▒....▒
≈≈...≈≈▒...........▒ ▒...▒▒▒
▒▒...▒▒▒...........▒ ▒▒.▒▒
..............▒▒▒▒.▒ ▒.▒
▒.........▒..▒▒ ▒.▒▒▒▒▒.▒
........▒.▒..▒ ▒.......▒


You could see Menkaure.


Message History

Level annotation: Duvessa, Menkaure Menkaure points at you and mumbles some strange words!
You struggle to resist!
There is a stone staircase leading up here!
You swing at nothing!
Menkaure misses you!
You climb upwards!
There is a stone staircase leading down here!
You pound Menkaure into fine dust!!!
Menkaure is moderately damaged!
You pound Menkaure but do no damage!
Menkaure is moderately damaged!
Menkaure hits you!!!
You pulverise Menkaure!
Menkaure is heavily damaged!
Menkaure hits you!!! * * * don't die
* * * You are too injured to fight recklessly!!!
You are too injured to fight recklessly!!!
You are too injured to fight recklessly!!!
You are too injured to fight recklessly!!!
You barely miss Menkaure!
Menkaure is heavily damaged!
Menkaure mumbles some strange words!
Menkaure seems to speed up!
You barely miss Menkaure!
Menkaure is heavily damaged!
Menkaure hits you!!!!!!
DANG rip

Action                   |  1- 3 |  4- 6 || total
-------------------------+-------+-------++-------
Melee: Unarmed           |   126 |   193 ||   319
       Punch             |       |    11 ||    11
  Use: Scroll            |       |     2 ||     2
 Stab: Sleeping          |     1 |     3 ||     4
       Distracted        |       |     1 ||     1
Armor: Skin              |    13 |    12 ||    25
Dodge: Dodged            |    92 |   117 ||   209

Vault maps used:
D:1:      erik_arrival_cave_to_civilisation
D:2:      lemuel_doored_altar, grunt_temple_overflow_open
D:3:      nemelex_xobeh_ov_fountains_minmay, serial_glass, glass_columns_c,
          glass_columns_b, elyvilon_altar_4
D:4:      kennysheep_big_flooded_room, grunt_dithmenos_smoke,
          kennysheep_pointless_box, due_unseen_surprise, uniq_robin,
          uniq_duvessa, uniq_blork_the_orc, uniq_menkaure

Notes
Turn   | Place    | Note
-------+----------+-------------------------------------------
     0 | D:1      | MistressOfTheDunes the Mummy Monk began the quest for the Orb.
     0 | D:1      | Reached XP level 1. HP: 18/18 MP: 1/1
   359 | D:1      | Reached XP level 2. HP: 20/24 MP: 2/2
   452 | D:1      | Reached skill level 3 in Unarmed Combat
   662 | D:1      | Found a sacrificial altar of Ru.
   663 | D:1      | Found an ancient bone altar of Kikubaaqudgha.
  1428 | D:1      | Reached XP level 3. HP: 26/29 MP: 3/3
  1711 | D:2      | Found a stormy altar of Qazlal.
  1713 | D:2      | Found a white marble altar of Elyvilon.
  2026 | D:2      | Reached skill level 4 in Unarmed Combat
  2026 | D:2      | Reached XP level 4. HP: 26/35 MP: 4/4
  2488 | D:2      | Found a deep blue altar of Sif Muna.
  2540 | D:3      | Found a white marble altar of Elyvilon.
  3366 | D:3      | Found a sparkling altar of Nemelex Xobeh.
  3375 | D:3      | Reached XP level 5. HP: 29/41 MP: 5/5
  3778 | D:4      | Found a shadowy altar of Dithmenos.
  3790 | D:3      | Reached skill level 5 in Unarmed Combat
  4383 | D:3      | Reached skill level 3 in Dodging
  4563 | D:4      | Noticed Menkaure
  4572 | D:4      | Noticed Duvessa
  4663 | D:3      | Reached XP level 6. HP: 7/47 MP: 6/6
  5522 | D:3      | Reached skill level 4 in Dodging
  5570 | D:3      | Mangled by Menkaure

Vanquished Creatures
  3 wights
  A howler monkey (D:3)
  A hound (D:3)
  An iguana (D:4)
  6 adders
  4 oozes
  3 worms (D:3)
  2 dart slugs (D:1)
  3 leopard geckos
  An orc (D:3)
  6 goblins
  8 hobgoblins
  9 jackals
  2 quokkas
  4 bats
  8 frilled lizards
  12 kobolds
  5 rats
79 creatures vanquished.
